 Dungeon Crawl Stone Soup version 0.30.1 (webtiles) character file.

Game seed: 4873233626614304348

499 Sanktem7 the Chopper (level 6, -4/56 HPs)
             Began as a Minotaur Fighter on July 7, 2023.
             Slain by a gnoll bouda
             ... wielding a +0 whip
              (6 damage)
             ... on level 4 of the Dungeon.
             The game lasted 00:02:53 (2490 turns).

Sanktem7 the Chopper (Minotaur Fighter)             Turns: 2490, Time: 00:02:54

Health: -4/56      AC:  9    Str: 22    XL:     6   Next: 94%
Magic:  5/5        EV:  8    Int:  5    God:
Gold:   249        SH:  5    Dex: 10    Spells: 5/5 levels left

rFire   . . .        a - +0 war axe {axe}
rCold   . . .        c - +0 buckler
rNeg    . . .        q - +0 chain mail
rPois   .            (helmet restricted)
rElec   .            (no cloak)
rCorr   .            (no gloves)
SInv    .            (no boots)
Will    .....        (no amulet) Stlth
                     (no ring)
HPRegen 0.29/turn    (no ring)
MPRegen 0.09/turn

%: no passive effects
@: no status effects
A: horns 2, retaliatory headbutt
a: no special abilities


You were on level 4 of the Dungeon.
You visited 1 branch of the dungeon, and saw 4 of its levels.

You collected 249 gold pieces.


Innate Abilities, Weirdness & Mutations

You have a pair of horns on your head.
You reflexively headbutt those who attack you in melee.


   Skills:
 + Level 5.3 Fighting
 * Level 6.1 Axes
 + Level 5.2 Armour
 + Level 5.2 Shields


You had 5 spell levels left.
You didn't know any spells.
Your spell library contained the following spells:

 Spells                   Type           Power      Damage    Failure   Level
 Shock                    Conj/Air       0%         1d3       98%         1
 Cigotuvi's Dreadful Rot  Necr/Pois/Air  0%         N/A       99%         2
 Poisonous Vapours        Pois/Air       0%         N/A       99%         2
 Ignite Poison            Fire/Tmut/Pois 0%         N/A       100%        3
 Mephitic Cloud           Conj/Pois/Air  0%         N/A       100%        3
 Freezing Cloud           Conj/Ice/Air   0%         6-21      100%        5

Inventory:

Hand Weapons
 a - a +0 war axe (weapon) {axe}
 t - a +2 spear {polearm}
   (You found it on level 3 of the Dungeon)
 u - a +1 antimagic hand axe {axe}
   (You took it off an orc on level 3 of the Dungeon)
Missiles
 g - 12 stones (quivered) {throwing}
 p - 2 throwing nets {=f!fthrowing}
 x - a boomerang {throwing}
 z - 5 poisoned darts {throwing}
Armour
 b - a +0 scale mail
 c - a +0 buckler (worn)
 q - a +0 chain mail (worn)
   (You found it on level 1 of the Dungeon)
Magical Staves
 h - a staff of fire {!astaff}
   (You found it on level 2 of the Dungeon)
 i - a staff of cold {!astaff}
   (You found it on level 2 of the Dungeon)
Jewellery
 A - a ring of resist corrosion
   (You found it on level 4 of the Dungeon)
Wands
 s - a wand of flame (31)
   (You found it on level 3 of the Dungeon)
Scrolls
 e - 2 scrolls of fog {unknown}
 f - a scroll of blinking {unknown}
 l - 3 scrolls of identify {unknown}
 o - a scroll of fear {unknown}
 r - a scroll of summoning {unknown}
 w - 4 scrolls of poison {unknown}
 y - a scroll of amnesia {unknown}
 C - a scroll of immolation {unknown}
Potions
 d - a potion of might
 j - 3 potions of ambrosia {unknown}
 k - 2 potions of lignification {unknown}
 m - a potion of flight {unknown}
 n - 2 potions of invisibility {unknown}
 v - a potion of curing {unknown}
 B - a potion of degeneration {unknown}
 D - a potion of attraction {unknown}

Dungeon Overview and Level Annotations

Branches:
Dungeon (4/15) Zot: 21455
 Temple: D:4-7

Altars:
Elyvilon
Sif Muna
Trog
Xom

Shops:
D:4

( . #... #. ... #.
#.. #. .. #. .# .
..#. ###.# ... ....
#######.).#.....
....
#.......@)......
....
##......g)).....#
....
#...#######.....#
....
#...#######.....##
....
#........##......#
....
#........##......#
....
#..####..##......#
.... #..
#.)##......##.. ....
#..
#..##.......#.#.....


You could see a gnoll bouda.


Message History

The gnoll bouda barks out a call to the hunt!
The gnolls pick up the pace!
You closely miss the gnoll bouda.
The gnoll bouda hits you but does no damage.
The gnoll barely misses you.
You barely miss the gnoll bouda. The gnoll bouda closely misses you.
The gnoll barely misses you.
You closely miss the gnoll bouda. Your headbutt misses the gnoll bouda.
You hit the gnoll. You block the gnoll's attack.
The gnoll bouda hits you with a +0 whip.
The gnoll closely misses you.
The gnoll hits you from afar with a +0 halberd!
The gnoll closely misses you. 😮 HP[-18]
You take 18 damage, and now have 38/56 hp.
MASSIVE DAMAGE!! (PAUSE)
You barely miss the gnoll bouda.
You headbutt the gnoll bouda, but do no damage.
You hit the gnoll.
Your attacks no longer feel as feeble.
The gnoll bouda hits you with a +0 whip.
The gnoll hits you but does no damage. The gnoll barely misses you.
You block the gnoll's attack. The gnoll hits you but does no damage.
The gnoll bouda hits you with a +0 whip. 😮 HP[-9]
You take 9 damage, and now have 29/56 hp.
You hit the gnoll bouda. You hit the gnoll. x2
The gnoll hits you but does no damage. You block the gnoll's attack.
The gnoll hits you with a +0 club. The gnoll closely misses you.
The gnoll hits you with a +0 spear.
* * * LOW HITPOINT WARNING * * *
The gnoll hits you with a +0 halberd!
* * * LOW HITPOINT WARNING * * *
The gnoll hits you but does no damage. The gnoll hits you with a +0 club.
* * * LOW HITPOINT WARNING * * *
The gnoll bouda hits you but does no damage. 😨 HP[-12]
You take 12 damage, and now have 17/56 hp.
MASSIVE DAMAGE!! (PAUSE)
You hit the gnoll.
You hit the gnoll bouda but do no damage.
You hit the gnoll. x3; The gnoll barely misses you. x2
You furiously retaliate!
You headbutt the gnoll! The gnoll hits you but does no damage.
The gnoll hits you with a +0 club.
* * * LOW HITPOINT WARNING * * *
The gnoll bouda calls upon its god to heal the gnoll.
The gnoll's wounds heal themselves!
The gnoll hits you but does no damage. The gnoll closely misses you.
You furiously retaliate!
You headbutt the gnoll!
You kill the gnoll! 😱 HP[-4]
You take 4 damage, and now have 13/56 hp.
You slash the gnoll! x2; You hit the gnoll bouda.
You closely miss the gnoll.
The gnoll hits you but does no damage. x2
The gnoll bouda hits you but does no damage.
The gnoll hits you with a +0 spear.
* * * LOW HITPOINT WARNING * * *
😱 HP[-3]
You take 3 damage, and now have 10/56 hp.
You closely miss the gnoll. You hit the gnoll bouda.
You closely miss the gnoll. x2; The gnoll closely misses you.
The gnoll hits you with a +0 club.
* * * LOW HITPOINT WARNING * * *
The gnoll bouda hits you but does no damage.
The gnoll hits you but does no damage.
You block the gnoll's attack. x2 😱 HP[-5]
You take 5 damage, and now have 5/56 hp.
You closely miss the gnoll. Your headbutt misses the gnoll.
You completely miss the gnoll. You barely miss the gnoll bouda.
You hit the gnoll.
The gnoll is no longer moving quickly.
The gnoll bouda barks out a call to the hunt!
The gnoll picks up the pace!
You block the gnoll's attack. The gnoll completely misses you.
The gnoll hits you with a +0 club.
* * * LOW HITPOINT WARNING * * *
The gnoll bouda calls upon its god to heal the gnoll.
The gnoll is healed somewhat. 😱 HP[-3]
You take 3 damage, and now have 2/56 hp.
You hit the gnoll. You headbutt the gnoll. You closely miss the gnoll bouda.
You hit the gnoll.
You kill the gnoll!
You hit the gnoll but do no damage. The gnoll hits you but does no damage.
The gnoll closely misses you. You furiously retaliate!
You headbutt the gnoll!
You kill the gnoll!
The gnoll bouda hits you but does no damage. 😱 HP[+1]
You hit the gnoll. You hit the gnoll bouda.
The gnoll hits you but does no damage.
The gnoll bouda hits you with a +0 whip.
* * * LOW HITPOINT WARNING * * *
The gnoll barely misses you. 😱 HP[-2]
You take 2 damage, and now have 1/56 hp.
You closely miss the gnoll. You hit the gnoll bouda.
You block the gnoll bouda's attack. The gnoll hits you but does no damage.
You slash the gnoll!
You kill the gnoll!
You hit the gnoll bouda but do no damage.
The gnoll bouda hits you with a +0 whip.
You die...

Skill      XL: |  1  2  3  4  5  6 |
---------------+-------------------+-----
Axes           | 3 4 5 6 |  6.1
Fighting       | 4 5 |  5.3
Armour         | 4 5 |  5.2
Shields        | 4 5 |  5.2

Action                     |  1- 3 |  4- 6 || total
---------------------------+-------+-------++-------
  Melee: War axe           |    62 |   115 ||   177
         Headbutt          |     6 |    21 ||    27
 Armour: Scale mail        |    24 |       ||    24
         Chain mail        |     1 |    64 ||    65
  Dodge: Dodged            |    30 |    45 ||    75
  Block: Buckler           |    14 |    24 ||    38

Levels and vault maps discovered:
D:1:      lemuel_arrival_tunnels, layout_basic,
          dreamdust_ecumenical_altar_grove, minivault_25, minmay_pentomino_z2
D:2:      layout_loops_corners, serial_bayou_pond_a
D:3:      layout_rooms, amcnicky_altar_gilded, lemuel_doored_altar,
          nzn_overflow_gifts_of_might_and_magic
D:4:      layout_cave_pools, mainiacjoe_overflow_chevrons, serial_shops,
          nicolae_shop_window_shopping

Notes
Turn   | Place    | Note
-------+----------+-------------------------------------------
     0 | D:1      | Sanktem7 the Minotaur Fighter began the quest for the Orb.
     0 | D:1      | Reached XP level 1. HP: 19/19 MP: 0/0
     0 | D:1      | magus.rc [v1.9.6]
    34 | D:1      | You fall into a shaft and drop 1 floor!
   124 | D:2      | Reached XP level 2. HP: 23/27 MP: 1/1
   266 | D:2      | Reached skill level 3 in Axes
   411 | D:2      | Reached skill level 4 in Fighting
   411 | D:2      | Reached skill level 4 in Armour
   411 | D:2      | Reached skill level 4 in Shields
   411 | D:2      | Reached XP level 3. HP: 29/33 MP: 2/2
   936 | D:1      | Found a faded altar of an unknown god.
  1221 | D:1      | Reached XP level 4. HP: 40/40 MP: 3/3
  1525 | D:3      | Found a shimmering altar of Xom.
  1589 | D:3      | Found a bloodstained altar of Trog.
  1606 | D:3      | Reached skill level 4 in Axes
  1607 | D:3      | Found a shimmering blue altar of Sif Muna.
  1611 | D:3      | Got Sif Muna's Atlas of Blasts
  1623 | D:3      | Noticed a scorpion
  1629 | D:3      | Killed a scorpion
  1630 | D:3      | Reached XP level 5. HP: 45/47 MP: 4/4
  1756 | D:3      | Found a white marble altar of Elyvilon.
  1871 | D:3      | Reached skill level 5 in Axes
  1892 | D:3      | You pick up a book of Vapours and begin reading...
  1892 | D:3      | You add the spells Poisonous Vapours, Mephitic Cloud and
                  | Freezing Cloud to your library.
  2073 | D:4      | Noticed an ogre
  2081 | D:4      | Killed an ogre
  2082 | D:4      | Reached skill level 5 in Fighting
  2082 | D:4      | Reached XP level 6. HP: 50/56 MP: 5/5
  2143 | D:4      | Reached skill level 5 in Armour
  2143 | D:4      | Reached skill level 5 in Shields
  2220 | D:4      | You add the spells Cigotuvi's Dreadful Rot and Ignite
                  | Poison to your library.
  2227 | D:4      | Found Kufi's Weapon Boutique.
  2406 | D:4      | Reached skill level 6 in Axes
  2483 | D:4      | HP: 13/56 [gnoll/+0 club[a gnoll bouda] (4)]
  2485 | D:4      | HP: 5/56 [gnoll/+0 club[a gnoll bouda] (5)]
  2486 | D:4      | HP: 2/56 [gnoll/+0 club[a gnoll bouda] (3)]
  2490 | D:4      | Slain by a gnoll bouda

Vanquished Creatures
  An ogre (D:4)
  A scorpion (D:3)
  A hound (D:4)
  3 orc priests
  2 orc wizards (D:3)
  7 gnolls
  3 adders
  A white imp (D:3)
  2 worms
  A dart slug (D:1)
  13 orcs
  2 bats
  7 endoplasms
  3 giant cockroaches
  2 goblins
  10 hobgoblins
  2 jackals (D:4)
  5 quokkas
  6 ball pythons
  2 frilled lizards (D:1)
  5 kobolds
  5 rats
84 creatures vanquished.

Table legend:
 A = Non-vault XP
 B = Vault XP
 C = Vault XP percentage of total XP
 D = Non-vault monster count
 E = Vault monster count
 F = Vault count percentage of total count
                 A         B        C        D         E       F
            +---------+---------+-------+---------+---------+-------
      Total |     701 |      27 |   3.7 |      80 |       4 |   4.8
            +---------+---------+-------+---------+---------+-------
        D:1 |      42 |       3 |   6.7 |      16 |       2 |  11.1
        D:2 |      53 |       0 |   0.0 |      16 |       0 |   0.0
        D:3 |     228 |      24 |   9.5 |      19 |       2 |   9.5
        D:4 |     378 |       0 |   0.0 |      29 |       0 |   0.0
            +---------+---------+-------+---------+---------+-------

Skill      XL: |  1  2  3  4  5  6 |
---------------+-------------------+-----
Axes           | 3 4 5 6 |  6.1
Fighting       | 4 5 |  5.3
Armour         | 4 5 |  5.2
Shields        | 4 5 |  5.2

Action                     |  1- 3 |  4- 6 || total
---------------------------+-------+-------++-------
  Melee: War axe           |    62 |   115 ||   177
         Headbutt          |     6 |    21 ||    27
 Armour: Scale mail        |    24 |       ||    24
         Chain mail        |     1 |    64 ||    65
  Dodge: Dodged            |    30 |    45 ||    75
  Block: Buckler           |    14 |    24 ||    38

Illustrated notes

Table legend:
 A = Kills in this place as a percentage of kills in the entire game.
 B = Kills by you in this place as a percentage of kills by you in the entire game.
 C = Kills by friends in this place as a percentage of kills by friends in the entire game.
 D = Other kills in this place as a percentage of other kills in the entire game.
 E = Experience gained in this place as a percentage of experience gained in the entire game.
 F = Experience gained in this place divided by the number of levels of this place that you have seen.
                   A       B       C       D       E      F
               +-------+-------+-------+-------+-------+----------------------
         Total | 100.0 | 100.0 |   N/A |   N/A | 100.0 | 182.0
       Dungeon | 100.0 | 100.0 |   N/A |   N/A | 100.0 | 182.0
               +-------+-------+-------+-------+-------+----------------------

Table legend: (Time is in decaauts)
 A = Elapsed time spent in this place.
 B = Non-inter-level travel time spent in this place.
 C = Inter-level travel time spent in this place.
 D = Time resting spent in this place.
 E = Time spent auto-exploring this place.
 F = Levels seen in this place.
 G = Mean time per level.
                   A        B        C        D        E       F      G
               +--------+--------+--------+--------+--------+-----+--------+
         Total |   2543 |   2421 |    122 |      0 |   1973 |   4 |  635.8 |
       Dungeon |   2543 |   2421 |    122 |      0 |   1973 |   4 |  635.8 |
               +--------+--------+--------+--------+--------+-----+--------+

Top non-repeatable levels by time:
     D:2: 947 daAuts
     D:1: 581 daAuts
     D:3: 562 daAuts
     D:4: 451 daAuts
